 Dungeon Crawl Stone Soup version 0.20-a0-945-g3bf614a (webtiles) character file.

179 Herrn the Magician (level 5, -3/31 HPs)
             Began as an Octopode Wanderer on Apr 2, 2017.
             Slain by an ice beast (12 damage)
             ... on level 3 of the Dungeon.
             The game lasted 00:06:45 (2972 turns).

Herrn the Magician (Octopode Wanderer)              Turns: 2972, Time: 00:06:45

Health: -3/31      AC:  1    Str: 10    XL:     5   Next: 59%
Magic:  12/12      EV: 13    Int: 18    God:
Gold:   132        SH:  0    Dex: 10    Spells: 9/14 levels left

rFire    . . .     SeeInvis .   f - +4 spear
rCold    . . .     Gourm    .   (no shield)
rNeg     . . .     Faith    .   (helmet restricted)
rPois    .         Spirit   .   (no amulet)
rElec    .         Reflect  .   (no ring)
rCorr    .         Harm     .   (no ring)
MR       .....                  (no ring)
Stlth    ++........             (no ring)
Regen    0.1/turn               (no ring)
MPRegen  0.2/turn               (no ring)
                                (no ring)
                                (no ring)

@: no status effects
A: almost no armour, stealthy swim, amphibious, 8 rings, constrict 8, camouflage
1, gelatinous body 1
a: no special abilities


You were on level 3 of the Dungeon.
You were not hungry.

You visited 1 branch of the dungeon, and saw 3 of its levels.

You collected 132 gold pieces.

Inventory:

Hand Weapons
 f - a +4 spear (weapon)
Missiles
 l - 60 stones (quivered)
Scrolls
 h - 3 scrolls of immolation {unknown}
 i - a scroll of random uselessness {unknown}
 j - a scroll of amnesia {unknown}
 k - 2 scrolls of remove curse {unknown}
 n - 2 scrolls of identify {unknown}
 p - a scroll of teleportation {unknown}
Potions
 c - 3 potions of curing {unknown}
 e - 3 potions of haste {unknown}
 g - 2 potions of mutation {unknown}
Books
 a - a book of Minor Magic

   Spells                             Type                      Level
   a - Magic Dart                     Conjuration                  1
   b - Blink                          Translocation                2
   c - Call Imp                       Summoning                    2
   d - Slow                           Hexes                        2
   e - Conjure Flame                  Conjuration/Fire             3
   f - Mephitic Cloud                 Conjuration/Poison/Air       3
 b - the Volume of Clay

   Spells                             Type                      Level
   a - Sandblast                      Earth                        1
   b - Stone Arrow                    Conjuration/Earth            3
Comestibles
 d - 4 bread rations
 m - a meat ration


   Skills:
 - Level 1.0 Polearms
 - Level 1.0 Throwing
 + Level 1.5 Dodging
 - Level 5.0 Spellcasting
 * Level 3.1 Conjurations
   Level 2.0 Charms
   Level 1.0 Summonings
 * Level 3.1 Earth Magic
   Level 1.1 Evocations


You had 9 spell levels left.
You knew the following spells:

 Your Spells              Type           Power        Failure   Level  Hunger
a - Magic Dart            Conj           ###.         4%          1    None
b - Sandblast             Erth           ###...       4%          1    None
c - Stone Arrow           Conj/Erth      ###...       14%         3    ##.....


Dungeon Overview and Level Annotations

Branches:
Dungeon (3/15)

Altars:
Gozag
Makhleb

Shops:
D:2 *

Annotations:
D:3 Banto's ghost, weakling DsGl


Innate Abilities, Weirdness & Mutations

You cannot wear most types of armour.
You are very stealthy in the water. (Stealth+)
You are amphibious.
You can wear up to eight rings at the same time.
You can use your tentacles to constrict eight enemies at once.
Your skin changes colour to match your surroundings (Stealth+).
Your rubbery body absorbs attacks. (AC +1, EV +1)


Message History

a club; a leather armour; a dagger; a robe; a mace Banto's ghost shrieks, "Very impressive.
But it won't help.
Nothing will."
An ice beast comes into view.
There is a stone staircase leading up here.
Banto's ghost barely misses you.
You climb upwards.
There is a stone staircase leading down here.
You start resting.
Eating a chunk of flesh.
You eat the chunk of flesh.
This raw flesh tastes terrible.
Magic restored.
You start resting.
HP restored.
You climb downwards.
Level annotation: Banto's ghost, weakling DsGl Banto's ghost hits you!
The ice beast hits you. The ice beast freezes you!
There is a stone staircase leading up, spattered with blood here.
Banto's ghost misses you. The ice beast hits you.
* * * LOW HITPOINT WARNING * * *
The ice beast freezes you!
You die...

##.....#......
####......#...#.#
#.....[...#...#.# ###
#......<#.#.#... ...
#.....#)#.#.#..##.#
#.....+.#.#.#.....#
#.....###.#.#...#
#...Y.###.#...#.#
#.(.W@.....####)##
#.....##....J##..#
########.#######J#####
#.# #...... ###
##..... #..).. ##....
#..## ##.##


You could see an ice beast, Banto's ghost and an ooze (wandering).

Vanquished Creatures
  A hound (D:3)
  2 orc wizards
  2 adders
  A worm (D:2)
  A dart slug (D:1)
  A leopard gecko (D:2)
  11 orcs
  5 giant cockroaches
  5 goblins
  4 hobgoblins
  3 jackals (D:3)
  3 kobolds
  A quokka (D:3)
  7 bats
  5 frilled lizards
  6 rats
58 creatures vanquished.

Notes
Turn   | Place    | Note
-------+----------+-------------------------------------------
     0 | D:1      | Herrn the Octopode Wanderer began the quest for the Orb.
     0 | D:1      | Herrn set off with: a book of Minor Magic, the Volume of Clay, a +0 dagger, a bread ration
     0 | D:1      | Reached XP level 1. HP: 11/11 MP: 6/6
     0 | D:1      | Identified the Volume of Clay
     2 | D:1      | Learned a level 1 spell: Magic Dart
     4 | D:1      | Learned a level 1 spell: Sandblast
   314 | D:1      | Reached skill level 1 in Earth Magic
   425 | D:1      | Reached XP level 2. HP: 17/17 MP: 8/8
   472 | D:1      | Reached skill level 1 in Conjurations
  1039 | D:2      | Reached XP level 3. HP: 17/21 MP: 9/9
  1195 | D:2      | Found an opulent altar of Gozag.
  1199 | D:2      | Found Gozag's Platinum Reserve.
  1647 | D:2      | Reached skill level 1 in Polearms
  1765 | D:2      | Reached XP level 4. HP: 8/27 MP: 1/11
  2038 | D:3      | Reached skill level 1 in Dodging
  2038 | D:3      | Reached XP level 5. HP: 30/31 MP: 5/12
  2520 | D:3      | Learned a level 3 spell: Stone Arrow
  2568 | D:3      | Found a burning altar of Makhleb.
  2662 | D:3      | Noticed Banto's ghost (weakling DsGl)
  2725 | D:3      | Noticed an ice beast
  2972 | D:3      | Slain by an ice beast

Vault maps used:
D:1:      dpeg_arrival_radiant, minmay_misc_feat_iff, roderic_serpentine_path,
          minivault_26, lemuel_flame_loot_1
D:2:      nicolae_gozag_zags_fifth_avenue
D:3:      first_bread, bh_chokoban, makhleb_heckhound_becter

Skill      XL: |  1  2  3  4  5 |
---------------+----------------+-----
Earth Magic    | 1 2 3 |  3.1
Conjurations   | 1 2 3 |  3.1
Polearms       | 1 |  1.0
Dodging        | 1 |  1.5
Throwing       | |  1.0
Spellcasting   | |  5.0
Charms         | |  2.0
Summonings     | |  1.0
Evocations     | |  1.1

Action                   |  1- 3 |  4- 6 || total
-------------------------+-------+-------++-------
Melee: Spear             |    69 |    32 ||   101
       Constrict         |     8 |     5 ||    13
       Dagger            |     1 |       ||     1
       Tentacles         |     5 |       ||     5
 Cast: Magic Dart        |     9 |    27 ||    36
       Sandblast         |       |    10 ||    10
 Stab: Sleeping          |    16 |       ||    16
  Eat: Chunk             |     3 |     3 ||     6
Armor: Skin              |     3 |     1 ||     4
Dodge: Dodged            |    22 |    22 ||    44
